 Dungeon Crawl Stone Soup version 0.28.0-53-g5a82cb258f (webtiles) character file.

Game seed: 11502296308286778926

51 unlimited1921 the Magician (level 4, -1/31 HPs)
             Began as a Djinni Fire Elementalist on July 16, 2022.
             Killed from afar by Natasha (7 damage)
             ... with a magic dart
             ... on level 2 of the Dungeon.
             The game lasted 00:04:50 (3721 turns).

unlimited1921 the Magician (DjFE)                   Turns: 3721, Time: 00:04:51

Health: -1/31      AC:  3    Str:  7    XL:     4   Next: 7%
Gold:   36         EV: 12    Int: 19    God:
                   SH:  0    Dex: 13

rFire   + + .      SeeInvis .   d - +0 short sword
rCold   x . .      Faith    .   (no shield)
rNeg    . . .      Spirit   .   a - +0 robe
rPois   ∞          Reflect  .   h - +0 helmet
rElec   .          Harm     .   (no cloak)
rCorr   .          Rampage  .   (no gloves)
Will    .....                   (boots unavailable)
Stlth   ++........              (no amulet)
HPRegen 0.10/turn               (no ring)
MPRegen 0.00/turn               (no ring)

@: flying
A: sickness immunity, fire resistance 2, cold vulnerability 1, float, innate
caster, HP casting, extra vitality 1
a: no special abilities


You were on level 2 of the Dungeon.
You visited 1 branch of the dungeon, and saw 2 of its levels.

You collected 36 gold pieces.

Inventory:

Hand Weapons
 d - a +0 short sword (weapon)
Missiles
 f - 38 stones
Armour
 a - a +0 robe (worn)
 e - a +0 leather armour
 g - a +0 ring mail
 h - a +0 helmet (worn)
Potions
 b - a potion of attraction {unknown}
 c - a potion of curing {unknown}


   Skills:
 + Level 2.4 Dodging
 + Level 1.9 Stealth
 + Level 3.4 Spellcasting


You couldn't memorise any spells.
You knew the following spells:

 Your Spells              Type           Power      Damage    Failure   Level
a - Foxfire               Conj/Fire      64%        2x1d7     3%          1
b - Scorch                Fire           32%        2d6       5%          2
c - Conjure Flame         Conj/Fire      16%        6-21      11%         3
d - Inner Flame           Hex/Fire       16%        N/A       11%         3
e - Flame Wave            Conj/Fire      16%        2d6       34%         4
f - Pain                  Necr           64%        1d7       3%          1
Your spell library was empty.

Dungeon Overview and Level Annotations

Branches:
Dungeon (2/15)

Altars:

Annotations:
D:2 Natasha


Innate Abilities, Weirdness & Mutations

You are immune to sickness and miasma.
You are immune to poison.
Your flesh is very heat resistant. (rF++)
You are vulnerable to cold. (rC-)
You float through the air rather than walking.
You learn spells naturally, not from books.
Your magical power is your life essence.
You have superior vitality. (+4 MHP)


Message History

Natasha barely misses you. The giant cockroach closely misses you.
The crimson imp blinks!
The foxfire hits the giant cockroach but does no damage.
The foxfire hits the giant cockroach.
The giant cockroach is almost dead.
Natasha stares at you and mumbles some strange words.
The magic dart hits you.
Casting: Foxfire (safe; 3% risk of failure)
Confirm with . or Enter, or press ? or * to list all spells.
You conjure some foxfire!
Natasha misses you. The giant cockroach closely misses you.
The foxfire hits the giant cockroach!
You kill the giant cockroach!
The foxfire hits Natasha!
Natasha is almost dead.
Natasha casts a spell at you. You resist with some effort.
Casting: Foxfire (safe; 3% risk of failure)
Confirm with . or Enter, or press ? or * to list all spells.
Flames lash Natasha.
Natasha is almost dead.
Natasha's fire resistance burns away.
Natasha drinks a potion.
Natasha is healed!
Casting: Scorch (safe; 5% risk of failure)
Confirm with . or Enter, or press ? or * to list all spells.
Flames lash the crimson imp.
The crimson imp completely resists.
* * * LOW HITPOINT WARNING * * *
Natasha stares at you and mumbles some strange words.
You resist with some effort.
The crimson imp hits you but does no damage.
Casting: Scorch (safe; 5% risk of failure)
Confirm with . or Enter, or press ? or * to list all spells.
Flames lash Natasha.
Natasha is burned terribly!
Natasha is moderately wounded.
* * * LOW HITPOINT WARNING * * *
The crimson imp barely misses you.
The crimson imp disappears in a puff of smoke!
Natasha casts a spell at you. The magic dart hits you!
You die...

#.#......#
#.......<#
#........#
#.#........#
#.######...#
#......###.# #
######.# .#
#.######÷###.#
...#......#.@...#..
...†....†.h.........
.#.#.###..#######.##
#..# #..# #..# #..#
#... #.##


You could see Natasha (combustible).

Vanquished Creatures
  Natasha (D:2)
  A dart slug (D:2)
  A bat (D:1)
  4 endoplasms (D:1)
  2 giant cockroaches
  2 goblins (D:1)
  2 hobgoblins
  4 ball pythons
  3 frilled lizards
  3 kobolds (D:1)
  A rat (D:1)
24 creatures vanquished.

Vanquished Creatures (others)
  58 foxfires
58 creatures vanquished.

Grand Total: 82 creatures vanquished

Notes
Turn   | Place    | Note
-------+----------+-------------------------------------------
     0 | D:1      | unlimited1921 the Djinni Fire Elementalist began the quest
                  | for the Orb.
     0 | D:1      | Reached XP level 1. HP: 15/15 MP: 0/0
  1101 | D:1      | Reached XP level 2. HP: 18/21 MP: 0/0
  1581 | D:1      | Found a faded altar of an unknown god.
  3032 | D:1      | Reached skill level 3 in Spellcasting
  3032 | D:1      | Reached XP level 3. HP: 23/25 MP: 0/0
  3032 | D:1      | Learned a level 1 spell: Pain
  3462 | D:2      | Noticed Natasha
  3465 | D:2      | Killed Natasha
  3684 | D:2      | Reached XP level 4. HP: 25/31 MP: 0/0
  3705 | D:2      | Noticed Natasha
  3721 | D:2      | Killed from afar by Natasha

Illustrated notes

Levels and vault maps discovered:
D:1:      scummos_arrival_gate, layout_basic, hellmonk_ecumenical_altar_run_dry,
          lemuel_flame_loot_1
D:2:      layout_basic, cheibrodos_gnoll_hut, uniq_crazy_yiuf_cottage,
          uniq_jessica, uniq_natasha

Skill      XL: |  1  2 |
---------------+-------+-----
Spellcasting   | 3 |  3.4
Dodging        | |  2.4
Stealth        | |  1.9

Action                   |  1- 3 |  4- 6 || total
-------------------------+-------+-------++-------
 Cast: Foxfire           |    25 |     9 ||    34
       Scorch            |    16 |     3 ||    19
Armor: Robe              |     2 |     2 ||     4
Dodge: Dodged            |       |     5 ||     5
